[Event "ROU-ch Men 2018"]
[Site "Olanesti"]
[Date "2018.05.22"]
[Round "9"]
[White "Raducanu, Andrei-Augustin"]
[Black "Tufa, Mihai"]
[Result "1-0"]
[ECO "B26"]
[WhiteElo "2063"]
[BlackElo "1915"]
[Annotator "NA RC"]
[PlyCount "71"]
[EventDate "2018.??.??"]
[EventType "swiss"]
[EventCountry "ROU"]
[SourceTitle "playchess.com"]
[Source "ChessBase"]
[SourceQuality "1"]
[TimeControl "40/5400+30:1800+30"]

1. e4 c5 2. Nc3 Nc6 3. g3 g6 4. Bg2 Bg7 5. d3 d6 6. Be3 e5 7. Qd2 Nge7 8. Bh6 Bxh6 9. Qxh6 Ng8 10. Qd2 Nf6 11. Nge2 a6 12. a4 Rb8 13. f4 b5 14. axb5 axb5 15. O-O O-O 16. Nd1 Kg7 17. Ne3 Nd4 18. f5 g5 19. h4 g4 20. h5 h6 21. Qd1 Nxe2+ 22. Qxe2 Nxh5 23. f6+ Nxf6 24. Nf5+ Kh7 25. Qf2 Ng8 26. Qe2 Nf6 27. Qf2 Ng8 28. Ra7 Rb6 29. Ne3 Be6 30. Nd5 Rc6 31. Rfa1 Qc8 32. Bf1 Qd8 33. c3 Kh8 34. Rb7 f5 35. Raa7 Nf6 36. Qh2 1-0

[Event "ROU-ch Men 2018"]
[Site "Olanesti"]
[Date "2018.05.22"]
[Round "9"]
[White "Neagu, Liviu"]
[Black "Albu, George"]
[Result "1-0"]
[ECO "B28"]
[WhiteElo "2025"]
[BlackElo "2038"]
[Annotator "NA RC"]
[PlyCount "105"]
[EventDate "2018.??.??"]
[EventType "swiss"]
[EventCountry "ROU"]
[SourceTitle "playchess.com"]
[Source "ChessBase"]
[SourceQuality "1"]
[TimeControl "40/5400+30:1800+30"]

1. e4 c5 2. Nf3 a6 3. c4 d6 4. d4 cxd4 5. Nxd4 Nf6 6. Nc3 g6 7. Be2 Bg7 8. Be3 Nc6 9. O-O O-O 10. h3 Nd7 {B38: Sizilianisch (Maroczy-Aufbau)} (10... Bd7 11. Nb3 a5 12. Nd2 Nb4 13. a3 Na6 14. f4 Bc6 15. Bf3 Nd7 16. Nb3 Nac5 17. Nxc5 Nxc5 18. e5 a4 19. Bxc6 bxc6 20. Bxc5 dxc5 {0-1 (62) Bosiocic,M (2624)-Guseinov,G (2646) Riadh 2017}) 11. Rb1 Nc5 $146 ({Vorgänger:} 11... Re8 12. Re1 Nf6 13. Nf3 Rb8 14. Bf4 Nh5 15. Be3 Nf6 16. Bf4 Nh5 {½-½ (16) Rodriguez,M (1479)-Mendivil Anton,D (2267) Santa Cruz de Tenerife 2002}) 12. b4 Ne6 13. Nxc6 bxc6 14. Na4 Rb8 15. f4 f5 16. exf5 gxf5 17. Bf3 Qc7 18. Qd2 Kh8 19. Nc3 Bb7 20. Rfe1 Ba8 21. Bf2 Nxf4 22. Bg3 Ng6 23. c5 f4 24. Bf2 d5 25. Re6 Rf6 26. Rbe1 Rxe6 27. Rxe6 Nf8 28. Re1 e5 29. Bg4 a5 30. b5 Qf7 31. b6 Bb7 32. Na4 Ra8 33. Nb2 Qf6 34. Nd3 Ng6 35. Bh5 e4 36. Bxg6 e3 37. Bxe3 fxe3 38. Qxe3 hxg6 39. Kh1 Rf8 40. Qg3 Bc8 41. Ne5 Bf5 42. b7 Kh7 (42... Kg8 $15) 43. Nf3 Be4 44. Ng5+ Kg8 45. b8=Q Rxb8 46. Qxb8+ Bf8 47. Nxe4 dxe4 48. Rxe4 Kh7 (48... Qa1+ $142 49. Kh2 Qf6) 49. Qe5 Qf2 (49... Qxe5 $142 50. Rxe5 Kg7) 50. Rf4 Qxc5 51. Rh4+ Kg8 52. Rh8+ Kf7 53. Rh7+ 1-0

[Event "ROU-ch Men 2018"]
[Site "Olanesti"]
[Date "2018.05.22"]
[Round "9"]
[White "Rauca, Horatiu-Augustin"]
[Black "Farcadi, Hunor"]
[Result "0-1"]
[ECO "B30"]
[WhiteElo "1897"]
[BlackElo "1959"]
[Annotator "NA RC"]
[PlyCount "83"]
[EventDate "2018.??.??"]
[EventType "swiss"]
[EventCountry "ROU"]
[SourceTitle "playchess.com"]
[Source "ChessBase"]
[SourceQuality "1"]
[TimeControl "40/5400+30:1800+30"]

1. e4 c5 2. Nf3 Nc6 3. Nc3 e5 4. Bc4 d6 5. d3 Be7 6. Be3 Nf6 7. h3 O-O 8. Qd2 Nd4 9. O-O-O Bd7 10. Nd5 b5 11. Nxf6+ Bxf6 12. Bd5 Rb8 13. c3 Ne6 14. g4 a5 15. g5 Be7 16. Rdg1 Nc7 17. c4 Nxd5 18. cxd5 Qc8 19. Rh2 Qa6 20. Qe2 Rfc8 21. Kb1 a4 22. Nd2 a3 23. b3 c4 24. Rc1 cxb3 25. Nxb3 Rxc1+ 26. Nxc1 b4 27. Qd1 Ba4 28. Nb3 Bb5 29. Nc1 Bd8 30. f4 Bb6 31. Bxb6 Qxb6 32. fxe5 dxe5 33. Qb3 Qd4 34. Rc2 g6 35. Rc7 Rf8 36. Rb7 Rc8 37. Rxb5 Qg1 38. Qc4 Rxc4 39. dxc4 Qe1 40. Kc2 Qc3+ 41. Kd1 Qd4+ 42. Ke1 0-1

[Event "ROU-ch Men 2018"]
[Site "Olanesti"]
[Date "2018.05.22"]
[Round "9"]
[White "Berechet, Stefan-Mario"]
[Black "Morariu, Daniel"]
[Result "1/2-1/2"]
[ECO "A10"]
[WhiteElo "1879"]
[BlackElo "1656"]
[Annotator "NA RC"]
[PlyCount "129"]
[EventDate "2018.??.??"]
[EventType "swiss"]
[EventCountry "ROU"]
[SourceTitle "playchess.com"]
[Source "ChessBase"]
[SourceQuality "1"]
[TimeControl "40/5400+30:1800+30"]

1. c4 f5 2. Nc3 e5 3. g3 Nf6 4. Bg2 Be7 5. d3 O-O {[%emt 0:00:58] A21: English Opening: 1...e5 2 Nc3} (5... d6 6. e3 O-O 7. Nge2 c6 8. O-O Be6 9. b3 Nbd7 10. f4 Ng4 11. h3 Ngf6 12. fxe5 Nxe5 13. d4 Nf7 14. d5 Bd7 15. Nd4 Qc8 16. dxc6 bxc6 17. Qc2 {0-1 (39) Sivuk,V (2566)-Deepan Chakkravarthy,J (2478) Chennai 2016}) 6. e3 Qe8 7. Nd5 $146 ({Predecessor:} 7. Nge2 Nc6 8. Nd5 Bd8 9. Bd2 d6 10. Qc2 a5 11. a3 Qg6 12. O-O-O Ng4 13. Be1 {0-1 (31) Chavez Lazo,J (2192)-Sequera Paolini,J (2427) San Felipe 2008}) 7... Nxd5 8. Bxd5+ Kh8 9. Ne2 c6 10. Bg2 d6 11. O-O Be6 12. Nc3 Nd7 13. Qe2 Qf7 14. b3 Nf6 15. Bb2 Rae8 16. f4 Bd8 17. fxe5 dxe5 18. Na4 Bc7 19. Nc5 Bc8 20. Bf3 Qg6 21. Qg2 Qh6 22. Rae1 f4 23. g4 Qg5 24. exf4 exf4 25. Ne4 Nxe4 26. dxe4 Be5 27. Bxe5 Rxe5 28. Rd1 Rfe8 29. Rd2 Kg8 30. Rfd1 Be6 31. h3 Qh4 32. Kh2 h5 33. Qf2 Qxf2+ 34. Rxf2 hxg4 35. hxg4 Kf7 36. Kg1 Rh8 37. Rg2 Rg5 38. Kf2 Kf6 39. Ke2 Ke5 40. Kf2 Rh4 41. c5 Kf6 42. Rd6 Rxc5 43. g5+ Ke7 44. Rd2 Rh3 45. Bg4 Bxg4 46. Rxg4 Rh2+ 47. Rg2 {[%emt 0:00:05] [#]} Rxg2+ (47... Rh4 $142 $1 48. g6 Rc3) 48. Kxg2 Rxg5+ 49. Kf3 Rc5 50. Kxf4 g5+ 51. Kg4 b5 52. Rh2 Ke6 53. Rh5 (53. Rh7 $15) 53... a5 54. a3 Kd6 $19 55. Rh8 Re5 56. Kf3 Kc5 57. Ke3 a4 58. bxa4 bxa4 59. Rb8 Kd6 60. Ra8 Rb5 61. Rxa4 Rb3+ 62. Ke2 Ke5 63. Rc4 Rxa3 64. Rxc6 Kxe4 65. Rc4+ {[%emt 0:00:07] Rb3} 1/2-1/2